 Dungeon Crawl Stone Soup version 0.30.1-4-g462c640d31 (webtiles) character file.

Game seed: 11916425425868570202

228 MrPagan1517 the Chopper (level 6, -2/56 HPs)
             Began as a Hill Orc Fighter on Sept 19, 2023.
             Slain by Duvessa
             ... wielding a +0 short sword
              (6 damage)
             ... on level 4 of the Dungeon.
             The game lasted 00:06:45 (2344 turns).

MrPagan1517 the Chopper (Hill Orc Fighter)          Turns: 2344, Time: 00:06:46

Health: -2/56      AC: 10    Str: 21    XL:     6   Next: 2%
Magic:  15/15      EV:  8    Int: 12    God:
Gold:   184        SH:  4    Dex: 10    Spells: 2/5 levels left

rFire   . . .        a - +0 war axe
rCold   + . .        c - +0 buckler
rNeg    . . .        g - +1 chain mail
rPois   .            (no helmet)
rElec   .            j - scarf "Iratrep" {repulsion, rC+ Int+4}
rCorr   .            (no gloves)
SInv    .            (no boots)
Will    .....        (no amulet) Stlth
                     r - ring of magical power
HPRegen 0.29/turn    f - ring of wizardry
MPRegen 0.14/turn

%: repel missiles, wizardry (x1)
@: no status effects
A: no striking features
a: no special abilities


You were on level 4 of the Dungeon.
You visited 1 branch of the dungeon, and saw 4 of its levels.

You collected 184 gold pieces.

Inventory:

Hand Weapons
 a - a +0 war axe (weapon)
Armour
 b - a +0 scale mail
 c - a +0 buckler (worn)
 g - a +1 chain mail (worn)
 j - the scarf "Iratrep" (worn) {repulsion, rC+ Int+4}
   (You acquired it on level 3 of the Dungeon)

   Int:       It affects your intelligence (+4).
   rC:        It protects you from cold.
Jewellery
 f - a ring of wizardry (right hand)
 r - a ring of magical power (left hand)
Wands
 i - a wand of light (13)
Scrolls
 h - 3 scrolls of teleportation
 l - 4 scrolls of identify
 o - a scroll of fear
 p - a scroll of blinking {unknown}
Potions
 d - 2 potions of might
 e - 4 potions of mutation
 k - a potion of haste
 m - a potion of berserk rage {unknown}
 n - a potion of invisibility {unknown}
 q - a potion of heal wounds {unknown}
 s - a potion of magic {unknown}
 t - a potion of degeneration {unknown}


   Skills:
 + Level 5.0 Fighting
 + Level 5.7 Axes
 + Level 4.1 Armour
 + Level 0.2 Dodging
 + Level 3.8 Shields


You had 2 spell levels left.
You knew the following spells:

 Your Spells              Type           Power      Damage    Failure   Level
a - Necrotise             Necr           0%         1d4       69%         1
b - Apportation           Tloc           0%         N/A       69%         1
c - Summon Small Mammal   Summ           0%         N/A       69%         1

Your spell library contained the following spells:

 Spells                   Type           Power      Damage    Failure   Level
 Inner Flame              Hex/Fire       0%         N/A       96%         3
 Yara's Violent Unravell  Hex/Tmut       0%         3d3       100%        5
 Enfeeble                 Hex            0%         N/A       100%        7


Dungeon Overview and Level Annotations

Branches:
Dungeon (4/15)
 Temple: D:4-7

Altars:
Nemelex Xobeh

Annotations:
D:4 Duvessa


Message History

Duvessa is severely wounded.
You hit Dowan. You hit the dart slug.
You kill the dart slug!
Duvessa hits you but does no damage.
Dowan mumbles some strange words.
Dowan blinks!
You barely miss Duvessa.
Duvessa is severely wounded.
Duvessa hits you but does no damage.
You hit Duvessa.
Duvessa is severely wounded.
Duvessa closely misses you.
You barely miss Duvessa.
Duvessa is severely wounded.
Duvessa closely misses you.
You completely miss Duvessa.
Duvessa is severely wounded.
Duvessa hits you but does no damage. Dowan casts a spell at you.
The puff of flame hits you!
* * * LOW HITPOINT WARNING * * *
You block Duvessa's attack.
You barely miss Duvessa.
Duvessa is severely wounded.
Duvessa hits you with a +0 short sword!
* * * LOW HITPOINT WARNING * * *
You closely miss Duvessa.
Duvessa is severely wounded.
You slash Dowan!
You kill Dowan!
Duvessa screams, "No!
How DARE you!"
Duvessa goes berserk!
You block Duvessa's attack. Duvessa hits you with a +0 short sword.
* * * LOW HITPOINT WARNING * * *
Your Fighting skill increases to level 5!
You have reached level 6!
You barely miss Duvessa.
Duvessa is severely wounded.
Duvessa barely misses you. Duvessa hits you with a +0 short sword.
You die...

### ..# ..## ..#
#.## ##<.# #.)@#
#......).e......
#...............
#...............
...........##.#.
#..........# ..
#.........## .
####.......


You could see Duvessa (berserk).

Vanquished Creatures
  Dowan (D:4)
  A hound (D:3)
  4 gnolls
  2 adders
  5 worms
  2 dart slugs
  2 orcs
  3 bats
  9 endoplasms
  4 giant cockroaches
  7 hobgoblins
  4 jackals (D:2)
  6 kobolds
  2 quokkas (D:3)
  5 ball pythons
  6 frilled lizards
  3 goblins
  6 rats
72 creatures vanquished.

Notes
Turn   | Place    | Note
-------+----------+-------------------------------------------
     0 | D:1      | MrPagan1517 the Hill Orc Fighter began the quest for the
                  | Orb.
     0 | D:1      | Reached XP level 1. HP: 19/19 MP: 1/1
   176 | D:1      | Reached XP level 2. HP: 27/27 MP: 2/2
   447 | D:1      | Reached XP level 3. HP: 33/33 MP: 3/3
   723 | D:2      | HP: 1/34 [gnoll/+0 spear (6)]
   725 | D:2      | Reached XP level 4. HP: 2/41 MP: 4/4
  1763 | D:3      | Identified a scroll of acquirement
  1763 | D:3      | Acquired the scarf "Iratrep" {repulsion, rC+ Int+4}
  1780 | D:3      | Reached skill level 5 in Axes
  1780 | D:3      | Reached XP level 5. HP: 45/47 MP: 5/5
  1965 | D:3      | Found a sparkling altar of Nemelex Xobeh.
  2042 | D:3      | Learned a level 1 spell: Necrotise
  2044 | D:3      | Learned a level 1 spell: Apportation
  2046 | D:3      | Learned a level 1 spell: Summon Small Mammal
  2324 | D:4      | Noticed Dowan
  2325 | D:4      | Noticed Duvessa
  2343 | D:4      | Killed Dowan
  2344 | D:4      | Reached skill level 5 in Fighting
  2344 | D:4      | Reached XP level 6. HP: 4/56 MP: 6/6
  2344 | D:4      | Slain by Duvessa

Illustrated notes

Levels and vault maps discovered:
D:1:      lemuel_arrival_hallway, layout_loops_ring
D:2:      layout_rooms, serial_forest, infiniplex_forest_clump_cross,
          infiniplex_forest_pool, infiniplex_forest_clump_medium,
          infiniplex_forest_straight_4, infiniplex_forest_end_2,
          infiniplex_forest_lined_room_2, chequers_serial_rivers_micro_c,
          nicolae_wormholes
D:3:      layout_basic, nemelex_altar_shiori
D:4:      layout_layer_cave, mainiacjoe_overflow_swirl,
          chequers_serial_rivers_small_3,
          nicolae_concentric_dashed_squares_wild, uniq_edmund, uniq_duvessa,
          uniq_ijyb

Skill      XL: |  1  2  3  4  5 |
---------------+----------------+-----
Axes           | 3 4 5 |  5.7
Fighting       | 4 5 |  5.0
Armour         | 4 |  4.1
Dodging        | |  0.2
Shields        | |  3.8

Action                     |  1- 3 |  4- 6 || total
---------------------------+-------+-------++-------
  Melee: War axe           |    71 |    91 ||   162
   Cast: Summon Small Mamm |       |     1 ||     1
    Use: Scroll            |     3 |     7 ||    10
 Armour: Scale mail        |     5 |       ||     5
         Chain mail        |    34 |    46 ||    80
  Dodge: Dodged            |    41 |    44 ||    85
         Repelled          |       |     1 ||     1
  Block: Buckler           |    15 |    29 ||    44
